 Dungeon Crawl Stone Soup version 0.20.1-1-g8b1a95d (webtiles) character file.

205 esteth the Conjurer (level 5, 0/28 HPs)
             Began as a Deep Elf Fire Elementalist on Oct 19, 2017.
             Killed by divine providence
             ... invoked by an orc priest
              (15 damage)
             ... on level 4 of the Dungeon.
             The game lasted 00:15:44 (3199 turns).

esteth the Conjurer (Deep Elf Fire Elementalist)    Turns: 3199, Time: 00:15:45

Health: 0/28       AC:  5    Str:  5    XL:     5   Next: 52%
Magic:  5/11       EV: 13    Int: 21    God:
Gold:   111        SH:  0    Dex: 15    Spells: 2/10 levels left

rFire    . . .     SeeInvis .   m - -2 trident (curse)
rCold    . . .     Gourm    .   (no shield)
rNeg     . . .     Faith    .   a - +0 robe
rPois    .         Spirit   .   k - +1 helmet
rElec    .         Reflect  .   (no cloak)
rCorr    .         Harm     .   (no gloves)
MR       .....                  g - +0 pair of boots
Stlth    +.........             (no amulet)
Regen    0.1/turn               (no ring)
MPRegen  0.2/turn               (no ring)

@: confused
A: no striking features
a: no special abilities


You were on level 4 of the Dungeon.
You were not hungry.

You visited 1 branch of the dungeon, and saw 4 of its levels.

You collected 111 gold pieces.

Inventory:

Hand Weapons
 m - a cursed -2 trident (weapon)
Armour
 a - a +0 robe (worn)
 g - a +0 pair of boots (worn)
 k - a +1 helmet (worn)
Wands
 o - a wand of acid (5/15)
Scrolls
 d - a scroll of noise {unknown}
 e - a scroll of blinking {unknown}
 f - a scroll of random uselessness {unknown}
 h - a scroll of recharging {unknown}
 i - 2 scrolls of teleportation {unknown}
 j - 2 scrolls of remove curse {unknown}
 p - a scroll of fog {unknown}
 q - 2 scrolls of amnesia {unknown}
 r - a scroll of identify {unknown}
 t - a scroll of enchant weapon {unknown}
 u - a scroll of enchant armour {unknown}
Potions
 l - a potion of flight
Books
 b - a book of Flames

   Spells                             Type                      Level
   a - Flame Tongue                   Conjuration/Fire             1
   b - Throw Flame                    Conjuration/Fire             2
   c - Conjure Flame                  Conjuration/Fire             3
   d - Inner Flame                    Hexes/Fire                   3
   e - Sticky Flame                   Conjuration/Fire             4
   f - Fireball                       Conjuration/Fire             5
Comestibles
 c - 4 bread rations
 n - 17 fruits
 s - a meat ration


   Skills:
 - Level 2.4 Dodging
 - Level 2.4 Stealth
 - Level 3.0 Spellcasting
 - Level 5.0 Conjurations
 + Level 4.7 Fire Magic


You had 2 spell levels left.
You knew the following spells:

 Your Spells              Type           Power        Failure   Level  Hunger
a - Flame Tongue          Conj/Fire      ###..        1%          1    None
b - Conjure Flame         Conj/Fire      ###.....     5%          3    ###....
c - Sticky Flame          Conj/Fire      ###.....     17%         4    ####...


Dungeon Overview and Level Annotations

Branches:
Dungeon (4/15)
 Temple: D:4-7

Altars:
Fedhas
Sif Muna
Xom
Zin

Annotations:
D:3 exclusion: door
D:4 iopi's ghost, amateur DrBe


Message History

Aim: an orc wizard, wielding a dagger and wearing a robe (lightly wounded)
The flame tongue hits the orc wizard.
The orc wizard is heavily wounded.
The orc priest looks encouraged for a moment.
Casting: Flame Tongue
Confirm with . or Enter, or press ? or * to list all spells.
Aiming: Flame Tongue
Press: ? - help, Shift-Dir - straight line, f/p - orc wizard
Aim: an orc wizard, wielding a dagger and wearing a robe (heavily wounded)
The flame tongue hits the orc wizard.
The orc wizard appears unharmed.
The orc wizard is heavily wounded.
The orc priest calls down the wrath of Beogh upon you.
Beogh smites you! The orc wizard casts a spell at you.
You are confused.
You bump into the rock wall.
The orc priest calls down the wrath of Beogh upon you.
Beogh smites you!
Ouch! That really hurt!
You die...

#.# . # #.#
....#####
#.#
o........ #
#.#
.##.#####
#.###.#
#.#.....##
#.......#
#.######.#
.#
#@#####...##
#...§oSo....
#####o..)...
.......
##.....
...## ###


You could see an orc priest, an orc wizard, an adder and an orc.

Vanquished Creatures
  An orc priest (D:3)
  An iguana (D:4)
  Robin (D:4)
  3 adders
  4 oozes
  2 worms
  A dart slug (D:2)
  4 leopard geckos
  4 orcs
  6 giant cockroaches
  10 goblins
  11 hobgoblins
  4 quokkas
  A ball python (D:1)
  5 bats
  2 frilled lizards
  8 kobolds
  8 rats
76 creatures vanquished.

Notes
Turn   | Place    | Note
-------+----------+-------------------------------------------
     0 | D:1      | esteth the Deep Elf Fire Elementalist began the quest for the Orb.
     0 | D:1      | Reached XP level 1. HP: 10/10 MP: 6/6
   126 | D:1      | Reached skill level 2 in Conjurations
   152 | D:1      | Reached XP level 2. HP: 15/15 MP: 1/8
   633 | D:2      | Reached skill level 3 in Conjurations
   866 | D:2      | Reached XP level 3. HP: 19/19 MP: 5/9
  1332 | D:2      | Found a blossoming altar of Fedhas.
  1472 | D:2      | Learned a level 3 spell: Conjure Flame
  1501 | D:2      | Reached skill level 4 in Conjurations
  1712 | D:3      | Found a deep blue altar of Sif Muna.
  1811 | D:3      | Reached XP level 4. HP: 24/24 MP: 4/10
  1899 | D:3      | Learned a level 4 spell: Sticky Flame
  2051 | D:3      | Reached skill level 5 in Conjurations
  2158 | D:3      | Noticed an angel
  2159 | D:3      | Found a glowing silver altar of Zin.
  2322 | D:3      | Reached XP level 5. HP: 28/28 MP: 6/11
  2399 | D:4      | Found a shimmering altar of Xom.
  2471 | D:4      | Noticed iopi's ghost (amateur DrBe)
  2833 | D:4      | Noticed Robin
  2870 | D:4      | Killed Robin
  3199 | D:4      | Killed from afar by an orc priest

Skill      XL: |  1  2  3  4  5 |
---------------+----------------+-----
Conjurations   | 2 3 4 5 |  5.0
Fire Magic     | 4 |  4.7
Dodging        | |  2.4
Stealth        | |  2.4
Spellcasting   | |  3.0

Action                   |  1- 3 |  4- 6 || total
-------------------------+-------+-------++-------
Melee: Trident           |     1 |     8 ||     9
 Cast: Flame Tongue      |    76 |    67 ||   143
       Conjure Flame     |     1 |     4 ||     5
  Use: Potion            |       |     6 ||     6
  Eat: Chunk             |     3 |     4 ||     7
Armor: Robe              |     8 |     1 ||     9
Dodge: Dodged            |    19 |    14 ||    33
